AoeStats
← CookieHunter

Arena

509399322Analyzed
2v2 RM · 5d ago on Sep 26, 2026· 42m 36s· 4 players
Game mode
Random Map
Map size
Medium (4 player)
Population
200
Speed
Normal
Resources
Standard
Victory
Conquest
Starting age
Dark Age
Ending age
Imperial Age
RankedLock teamsTeams togetherTeam positionsShared explorationLock speedFull tech treeHidden civsTurbo modeCheats
Victory
Defeat
🇧🇩 Bohemians · Bangladesh
961
+14
🇪🇬 Teutons · Egypt
919
+16
🇻🇳 Britons · Vietnam
990
-18
🇮🇳 Varangians · India
850
-12
Kamal
11:49 Feudal Age
10:05 Loom
16:18 Castle Age
14:48 Double-Bit Axe
16:48 Forging
17:10 Horse Collar
24:35 Squires
26:18 Wheelbarrow
25:31 Pikeman
32:49 Imperial Age
32:19 Chemistry
33:14 Iron Casting
37:02 Conscription
41:33 Houfnice
afimohkal
13:30 Feudal Age
17:05 Castle Age
17:36 Horse Collar
18:16 Double-Bit Axe
21:50 Heavy Plow
28:42 Imperial Age
26:18 Gold Mining
27:33 Ballistics
28:51 Bow Saw
30:23 Chemistry
30:37 Crenellations
31:13 Crop Rotation
31:48 Two-Man Saw
32:55 Fortified Wall
32:51 Siege Engineers
33:52 Elite Teutonic Knight
34:38 Fletching
36:08 Masonry
36:00 Bodkin Arrow
36:17 Forging
36:07 Scale Mail Armor
36:40 Conscription
38:35 Arson
38:50 Squires
38:11 Pikeman
40:41 Chain Mail Armor
41:03 Iron Casting
CookieHunter
10:47 Feudal Age
10:01 Loom
15:27 Castle Age
14:17 Double-Bit Axe
14:53 Horse Collar
17:02 Bow Saw
23:36 Bloodlines
27:02 Forging
28:46 Wheelbarrow
30:21 Hand Cart
35:27 Imperial Age
32:30 Man-at-Arms
33:48 Long Swordsman
34:29 Squires
34:36 Scale Mail Armor
34:40 Husbandry
37:09 Iron Casting
36:07 Two-Handed Swordsman
39:14 Scale Barding Armor
42:03 Chain Mail Armor
42:30 Fletching
42:21 Elite Skirmisher
PeterMT2699
8:51 Loom
10:37 Feudal Age
11:47 Horse Collar
11:55 Double-Bit Axe
14:23 Wheelbarrow
18:33 Castle Age
16:43 Stone Mining
17:44 Gold Mining
21:08 Fletching
21:42 Bow Saw
21:35 Heavy Plow
26:13 Padded Archer Armor
27:33 Hand Cart
27:13 Town Watch
29:07 Bodkin Arrow
29:21 Caravan
33:39 Imperial Age
31:49 Pikeman
32:29 Squires
32:15 Arson
32:42 Forging
32:48 Leather Archer Armor
32:34 Scale Mail Armor
34:32 Yeomen
34:54 Iron Casting
33:41 Elite Longbowman
34:48 Bracer
35:52 Ballistics
36:33 Chemistry
35:44 Masonry
37:08 Ring Archer Armor
36:54 Chain Mail Armor
Connection lost

Rejoining the realm…

Still unreachable

The connection could not be restored.

Session expired

The server has moved on; the page needs a fresh start.